 Dungeon Crawl Stone Soup version 0.18-a0-1666-g3ea6f2b (webtiles) character file.

112 Kidiri the Magician (level 4, -2/25 HPs)
             Began as a Deep Elf Fire Elementalist on Mar 31, 2016.
             Killed from afar by an orc wizard (6 damage)
             ... with a puff of frost
             ... on level 4 of the Dungeon.
             The game lasted 00:35:08 (3258 turns).

Kidiri the Magician (Deep Elf Fire Elementalist)    Turns: 3258, Time: 00:35:10

Health: -2/25      AC:  4    Str:  4 (5)  XL:     4   Next: 63%
Magic:  7/12       EV: 13    Int: 19 (21) God:
Gold:   100        SH:  0    Dex: 12 (15) Spells: 4 memorised, 2 levels left

rFire  . . .     SeeInvis .     h - +1 dagger
rCold  . . .     Gourm    .     a - +0 robe
rNeg   . . .     Faith    .     (no shield)
rPois  .         Spirit   .     d - +1 hat
rElec  .         Dismiss  .     g - +0 cloak
rCorr  .         Reflect  .     (no gloves)
SustAt .         Harm     .     (no boots)
MR     .....                    (no amulet)
Stlth  ++........               (no ring)
                                (no ring)

@: lethally poisoned (-2 -> -8), not resistant to hostile enchantments,
unstealthy
A: no striking features
a: no special abilities


You were on level 4 of the Dungeon.
You were not hungry.

You visited 1 branch of the dungeon, and saw 4 of its levels.

You collected 100 gold pieces.

Inventory:

Hand Weapons
 h - a +1 dagger (weapon)
Armour
 a - a +0 robe (worn)
 d - a +1 hat (worn)
 g - a +0 cloak (worn)
Scrolls
 n - a scroll of remove curse
 o - a scroll of teleportation
 p - a scroll of noise {unknown}
Potions
 e - a potion of might
 i - 3 potions of brilliance
 j - a potion of berserk rage {unknown}
 k - a potion of degeneration
 l - 2 potions of curing {unknown}
 m - a potion of flight {unknown}
Books
 b - a book of Flames

   Spells                             Type                      Level
   a - Flame Tongue                   Conjuration/Fire             1
   b - Throw Flame                    Conjuration/Fire             2
   c - Conjure Flame                  Conjuration/Fire             3
   d - Inner Flame                    Hexes/Fire                   3
   e - Sticky Flame                   Conjuration/Fire             4
   f - Fireball                       Conjuration/Fire             5
Comestibles
 c - 2 bread rations
 f - a meat ration
 q - a chunk of flesh


   Skills:
 + Level 1.2 Fighting
 + Level 3.1 Dodging
 - Level 2.4 Stealth
 * Level 4.3 Spellcasting
 + Level 2.1 Conjurations
 + Level 1.3 Hexes
 + Level 3.8 Fire Magic


You had 2 spell levels left.
You knew the following spells:

 Your Spells              Type           Power        Failure   Level  Hunger
a - Flame Tongue          Conj/Fire      ###..        4%          1    None
b - Throw Flame           Conj/Fire      ###...       8%          2    #......
c - Conjure Flame         Conj/Fire      ###.....     12%         3    ###....
d - Inner Flame           Hex/Fire       ##......     14%         3    ###....


Dungeon Overview and Level Annotations

Branches:
Dungeon (4/15)
 Temple: D:4-7

Altars:
Dithmenos
Elyvilon
Gozag
Kikubaaqudgha
Nemelex Xobeh
Okawaru
Qazlal
Yredelemnul


Message History

The worker ant bites you. The worker ant barely misses you.
The orc wizard barely misses you.
Unknown command.
You feel sick. The worker ant completely misses you.
Unknown command.
You feel sick.
The orc wizard hits you but does no damage.
The orc wizard points at you and mumbles some strange words.
The puff of flame hits you!
* * * LOW HITPOINT WARNING * * *
Unknown command.
Drink which item? (? for menu, Esc to quit)
It was a potion of degeneration.
There was something very wrong with that liquid.
You feel weakened.
You feel dopey.
You feel clumsy.
* * * LOW HITPOINT WARNING * * *
You feel sick. The worker ant barely misses you.
The orc wizard points at you and mumbles some strange words.
The puff of frost hits you!
You die...

. #. ###.### ##
...... .# #
#.#.###.###
#.##.........###
........o......#
#...oa..#
#.#<##@##
#....o.##.#
####.####.# #.
#.. o ### .. #.
#.


You could see a worker ant, an orc wizard and an orc.

Vanquished Creatures
  Ijyb (D:2)
  2 adders (D:3)
  2 worms
  4 dart slugs
  5 giant geckos
  2 orcs (D:3)
  A giant cockroach (D:2)
  2 goblins
  7 hobgoblins
  A quokka (D:2)
  8 bats
  7 giant newts
  7 kobolds
  A rat (D:3)
50 creatures vanquished.

Notes
Turn   | Place    | Note
--------------------------------------------------------------
     0 | D:1      | Kidiri the Deep Elf Fire Elementalist began the quest for the Orb.
     0 | D:1      | Reached XP level 1. HP: 10/10 MP: 6/6
   409 | D:1      | Reached XP level 2. HP: 15/15 MP: 5/8
   413 | D:1      | Learned a level 2 spell: Throw Flame
   860 | D:1      | Found a sparkling altar of Nemelex Xobeh.
  1390 | D:2      | Found a white marble altar of Elyvilon.
  1430 | D:2      | Reached XP level 3. HP: 20/20 MP: 6/10
  1435 | D:2      | Learned a level 3 spell: Conjure Flame
  1439 | D:2      | Learned a level 3 spell: Inner Flame
  1523 | D:2      | Found a basalt altar of Yredelemnul.
  1655 | D:3      | Reached skill level 1 in Fighting
  1880 | D:3      | Found an iron altar of Okawaru.
  1886 | D:3      | Reached skill level 4 in Spellcasting
  2046 | D:2      | Found a shadowy altar of Dithmenos.
  2046 | D:2      | Found an ancient bone altar of Kikubaaqudgha.
  2047 | D:2      | Found an opulent altar of Gozag.
  2085 | D:2      | Found a stormy altar of Qazlal.
  2293 | D:2      | Reached skill level 1 in Hexes
  2376 | D:2      | Noticed Ijyb
  2402 | D:2      | Killed Ijyb
  2402 | D:2      | Reached XP level 4. HP: 5/25 MP: 0/12
  3258 | D:4      | Killed from afar by an orc wizard

Vault maps used:
D:1:      eino_arrival_cavern_b, nemelex_xobeh_ov_fountains_minmay
D:2:      overflow_temple_1_default, marbit_many_paths,
          nicolae_overflow_hidden_temple, gammafunk_temple_overflow_claw,
          kennysheep_generic_room_15, uniq_iyjb
D:3:      lemuel_upstairs_altar, nicolae_overflow_crystal_walls, hex_large
D:4:      uniq_robin

Skill      XL: |  1  2  3  4 |
---------------+-------------+-----
Fighting       | 1 |  1.2
Spellcasting   | 4 |  4.3
Hexes          | 1 |  1.3
Dodging        | 3 |  3.1
Conjurations   | 2 |  2.1
Stealth        | |  2.4
Fire Magic     | |  3.8

Action                   |  1- 3 |  4- 6 || total
-------------------------+-------+-------++-------
Melee: Unarmed           |     1 |       ||     1
       Dagger            |    11 |     1 ||    12
 Cast: Flame Tongue      |    70 |    20 ||    90
       Throw Flame       |    10 |     5 ||    15
  Use: Scroll            |     4 |     2 ||     6
       Potion            |     2 |     1 ||     3
 Stab: Sleeping          |     2 |       ||     2
  Eat: Chunk             |     5 |     2 ||     7
